[Event "Grandmaster Tournament Rapid"]
[Site "Biel/Bienne, Switzerland"]
[Date "2019.07.21"]
[Round "1.1"]
[White "Bogner, Sebastian"]
[Black "Leko, Peter"]
[Result "1/2-1/2"]
[ECO "D41"]
[WhiteElo "2584"]
[BlackElo "2674"]
[PlyCount "73"]
[EventDate "2019.??.??"]
[EventType "rapid"]
[TimeControl "15+5"]
[WhiteClock "0:02:45"]
[BlackClock "0:01:38"]

1. d4 Nf6 2. c4 e6 3. Nf3 d5 4. Nc3 c5 5. cxd5 Nxd5 6. e4 Nxc3 7. bxc3 cxd4 8.
cxd4 Bb4+ 9. Bd2 Bxd2+ 10. Qxd2 O-O 11. Bc4 Nd7 12. O-O b6 13. Rfe1 Bb7 14. Rad1 Rc8 15. Bb3 h6 16. h3 Nf6 17. Qf4 Qc7 18. Qxc7 Rxc7 19. d5 exd5 20. exd5 Rd7 21. Ne5 Rd6 22. Nc6 Bxc6 23. dxc6 Rxc6 24. Re7 a6 25. Rxf7 Rxf7 26. Rd8+ Kh7 27. Bxf7 b5 28. f4 g5 29. fxg5 hxg5 30. Bb3 a5 31. Rd4 Kg7 32. Kf2 Rc3 33.
Ke2 Rg3 34. Kf2 Rc3 35. Ke2 Rg3 36. Kf2 Rc3 37. Ke2 1/2-1/2

[Event "Grandmaster Tournament Rapid"]
[Site "Biel/Bienne, Switzerland"]
[Date "2019.07.21"]
[Round "1.2"]
[White "Shankland, Sam"]
[Black "Georgiadis, Nico"]
[Result "1-0"]
[ECO "D38"]
[WhiteElo "2713"]
[BlackElo "2514"]
[PlyCount "89"]
[EventDate "2019.??.??"]
[EventType "rapid"]
[TimeControl "15+5"]
[WhiteClock "0:01:25"]
[BlackClock "0:00:07"]

1. d4 Nf6 2. c4 e6 3. Nf3 d5 4. Nc3 Bb4 5. Qa4+ Nc6 6. Bd2 O-O 7. a3 Bxc3 8.
Bxc3 Bd7 9. Qb3 dxc4 10. Qxc4 Ne4 11. e3 Ne7 12. Be2 Bc6 13.
O-O Bd5 14. Qd3 b6 15. b4 c5 16. dxc5 bxc5 17. bxc5 Rc8 18. Rad1 Qc7 19. Bd4 Nxc5 20. Qb5 Ne4 21. Qa4 Nc3 22. Bxc3 Qxc3 23. Nd4 Qc5 24. Rb1 Rfd8 25. h3 e5 26. Nf3 Bc6 27. Qa6 Bxf3 28. Bxf3 Rd6 29. Qa4 g6 30. Rb5 Qc4 31. Qxc4 Rxc4 32. Rxe5 Nc6 33. Re8+ Kg7 34. Rb1 Ra4 35. Rc1 Nd8 36. Rc3 Ne6 37. Re7 Rda6 38. Bd5 Kf6 39. Rb7 Rxa3 40. Rc8 Rd3 41. Bxe6 Rxe6 42. Rcc7 Kg5 43. Rxf7 h5 44. Rxa7 h4 45. f4+ 1-0

[Event "Grandmaster Tournament Rapid"]
[Site "Biel/Bienne, Switzerland"]
[Date "2019.07.21"]
[Round "1.3"]
[White "Cori, Jorge"]
[Black "Vidit, Santosh"]
[Result "1-0"]
[ECO "D32"]
[WhiteElo "2686"]
[BlackElo "2703"]
[PlyCount "75"]
[EventDate "2019.??.??"]
[EventType "rapid"]
[TimeControl "15+5"]
[WhiteClock "0:00:21"]
[BlackClock "0:00:10"]

1. d4 Nf6 2. Nf3 d5 3. c4 e6 4. e3 a6 5. Nc3 c5 6. cxd5 exd5 7. Be2 Nc6 8. O-O cxd4 9. Nxd4 Bd6 10. b3 O-O 11. Bb2 Re8 12. Rc1 Bc7 13.
Nxc6 bxc6 14. Ba3 h5 15. Bf3 Ng4 16. g3 Bf5 17. Ne2 Ne5 18.
Bg2 h4 19. Nd4 Bd7 20. f4 h3 21. fxe5 hxg2 22. Kxg2 Bxe5 23. Nxc6 Bxc6 24. Rxc6 Qa5 25. Qc1 d4 26. e4 d3 27. Rc5 Qb6 28. Qc4 Qg6 29. Qxd3 Rad8 30. Rd5 Bf6 31. Rxd8 Rxd8 32. Qe2 Re8 33. Rf4 Bg5 34. Rf2 Rxe4 35. Qf3 Qe6 36. Bc5 g6 37. b4 Be3 38. Re2 1-0

[Event "Grandmaster Tournament Rapid"]
[Site "Biel/Bienne, Switzerland"]
[Date "2019.07.21"]
[Round "1.4"]
[White "Maghsoodloo, Parham"]
[Black "Abdusattorov, Nodirbek"]
[Result "1-0"]
[ECO "C65"]
[WhiteElo "2656"]
[BlackElo "2598"]
[PlyCount "183"]
[EventDate "2019.??.??"]
[EventType "rapid"]
[TimeControl "15+5"]
[WhiteClock "0:00:26"]
[BlackClock "0:00:09"]

1. e4 e5 2. Nf3 Nc6 3. Bb5 Nf6 4. d3 d6 5. c3 Bd7 6. a4 g6 7. O-O Bg7 8. Re1 O-O 9. Nbd2 Qe8 10. Nf1 Nh5 11. Ne3 f5 12. Nd5 Rc8 13.
exf5 gxf5 14. d4 e4 15. Ng5 Kh8 16. f3 h6 17. fxe4 hxg5 18.
exf5 Qf7 19. Ne7 Nxe7 20. Bxd7 Nf4 21. Bxf4 gxf4 22. Rxe7 Qxe7 23. Qh5+ Kg8 24. Be6+ Rf7 25. Bxc8 Qe3+ 26. Kf1 f3 27. Qxf3 Qxf3+ 28. gxf3 Kf8 29. Bxb7 c5 30. Bd5 Rxf5 31. Be4 Rh5 32. dxc5 Rxh2 33. Kg1 Rxb2 34. cxd6 Bxc3 35. Rc1 Bd4+ 36. Kh1 Bb6 37. Rc8+ Kf7 38. d7 Rd2 39. Bc6 Kf6 40. Rg8 Rd6 41. Bb5 Ke5 42. Kg2 a6 43. Bxa6 Rxd7 44. Rg5+ Kf6 45. Rb5 Bc7 46. Bb7 Rd2+ 47. Kf1 Ra2 48. Rc5 Bd6 49. Rd5 Bc7 50. Rd7 Be5 51. Bc6 Kg5 52. Rf7 Bf4 53. Bd7 Be3 54. Rf5+ Kg6 55. Re5 Ba7 56. Ke1 Kf6 57. Rd5 Be3 58. Kd1 Bf2 59. Rd2 Ra1+ 60. Ke2 Bc5 61. Kd3 Ke7 62. Bb5 Bd6 63. Ke4 Re1+ 64. Re2 Rd1 65. Ra2 Rb1 66. Bc4 Re1+ 67. Be2 Bc7 68. Kd3 Ba5 69. f4 Kf6 70. Ke4 Rb1 71. Rc2 Rb4+ 72. Rc4 Rb6 73. Rc5 Bd2 74. Rf5+ Ke7 75. Bb5 Rh6 76. Rd5 Bc3 77. Bc4 Rh1 78. a5 Ra1 79. a6 Be1 80. f5 Bf2 81. Rd2 Bg1 82. Rg2 Re1+ 83.
Kd5 Kf6 84. Bd3 Rd1 85. Rg6+ Kf7 86. Kc4 Bf2 87. Rg2 Bg1 88. Rb2 Ra1 89. Rb1 Rxb1 90. Bxb1 Ke7 91. Kd5 Kd7 92. f6 1-0

[Event "Grandmaster Tournament Rapid"]
[Site "Biel/Bienne, Switzerland"]
[Date "2019.07.21"]
[Round "2.1"]
[White "Maghsoodloo, Parham"]
[Black "Bogner, Sebastian"]
[Result "1-0"]
[ECO "C42"]
[WhiteElo "2656"]
[BlackElo "2584"]
[PlyCount "124"]
[EventDate "2019.??.??"]
[EventType "rapid"]
[TimeControl "15+5"]
[WhiteClock "0:01:21"]
[BlackClock "0:00:10"]

1. e4 e5 2. Nf3 Nf6 3. Nxe5 d6 4. Nf3 Nxe4 5. Nc3 Nxc3 6.
dxc3 Be7 7. Be3 Nc6 8. Qd2 Be6 9. O-O-O Qd7 10. Kb1 Bf6 11.
h4 h6 12. a3 a6 13. Be2 O-O-O 14. Nd4 Nxd4 15. Bxd4 Bxd4 16. Qxd4 Rhg8 17. Qa7 c6 18. h5 Qc7 19. Rh4 Qb8 20. Qe3 Qc7 21. c4 Kb8 22. Bf3 Rge8 23.
Qc3 f6 24. Rhd4 Bf7 25. b3 Re5 26. g4 Qe7 27. Qd2 Kc7 28.
a4 Be8 29. Ka2 Bf7 30. Qf4 Bg8 31. R4d2 Bh7 32. Qd4 Be4 33. Qc3 Bxf3 34. Qxf3 Qe6 35. Qg3 Rd7 36. f3 Rd8 37. Qh2 Rd7 38. Qg3 Rd8 39. Kb1 Rd7 40. Rd3 Re3 41. c5 Rxd3
42. Rxd3 Qe5 43. cxd6+ Rxd6 44. Qxe5 fxe5 45. Re3 Rd1+ 46. Kb2 Kd6 47. Kc3 Kd5 48. a5 Ra1 49. Rd3+ Ke6 50. Kb4 c5+ 51. Kxc5 Rxa5+ 52. Kb6 Rb5+ 53. Kc7 a5 54. c4 Rb4 55. Rd6+ Ke7 56. Rb6 Rxb6 57. Kxb6 Kd6 58. Kxb7 Kc5 59. Ka6 Kb4 60. c5 Kxc5 61. Kxa5 Kd4 62. b4 Kd5 1-0

[Event "Grandmaster Tournament Rapid"]
[Site "Biel/Bienne, Switzerland"]
[Date "2019.07.21"]
[Round "2.2"]
[White "Abdusattorov, Nodirbek"]
[Black "Cori, Jorge"]
[Result "0-1"]
[ECO "B33"]
[WhiteElo "2598"]
[BlackElo "2686"]
[PlyCount "104"]
[EventDate "2019.??.??"]
[EventType "rapid"]
[TimeControl "15+5"]
[WhiteClock "0:00:13"]
[BlackClock "0:00:15"]

1. e4 c5 2. Nf3 Nc6 3. d4 cxd4 4. Nxd4 e5 5. Nb5 d6 6. N1c3 a6 7. Na3 b5 8. Nd5 Nf6 9. Bg5 Be7 10. Bxf6 Bxf6 11. c4 b4 12. Nc2 Rb8 13. b3 O-O 14. h4 Be6 15. g3 a5 16. Bh3 Be7 17. Kf1 Qd7 18.
Kg2 Bd8 19. Qd3 Qa7 20. Rad1 Qc5 21. h5 Bxd5 22. cxd5 Na7 23. Bd7 Rb7 24. Ba4 Bg5 25. Ne3 Bxe3 26. fxe3 Rc7 27. Rc1 Qb6 28. Rxc7 Qxc7 29. Rf1 Rc8 30. Rf2 h6 31. Qe2 Qe7 32. Qa6 Rc5 33. Qb6 Qc7 34. Qa6 Kf8 35. Qe2 Rc3 36. Qf3 Qe7 37. g4 Kg8 38. Kh3 Nc8 39. Kg2 Nb6 40. Bb5 Nd7 41. Qf5 Nf8 42. Rf3 Nh7 43. Bc6 Ng5 44. Rf2 Rxe3 45. Bd7 Nxe4 46. Rc2 Nc5 47. Bb5 Qg5 48. Qc8+ Kh7 49. Rxc5 dxc5 50. d6 Qf4 51. Qf5+ Qxf5 52. gxf5 Re4 0-1

[Event "Grandmaster Tournament Rapid"]
[Site "Biel/Bienne, Switzerland"]
[Date "2019.07.21"]
[Round "2.3"]
[White "Vidit, Santosh"]
[Black "Shankland, Sam"]
[Result "1/2-1/2"]
[ECO "D12"]
[WhiteElo "2703"]
[BlackElo "2713"]
[PlyCount "148"]
[EventDate "2019.??.??"]
[EventType "rapid"]
[TimeControl "15+5"]
[WhiteClock "0:00:07"]
[BlackClock "0:04:13"]

1. d4 d5 2. c4 c6 3. Nf3 Nf6 4. e3 Bf5 5. Nc3 e6 6. Nh4 Be4 7. f3 Bg6 8. Qb3 Qc7 9. Bd2 Be7 10. g3 a6 11. Rc1 dxc4 12. Bxc4 b5 13. Be2 Nbd7 14. Nxg6 hxg6 15. Qc2 O-O 16. O-O c5 17. dxc5 Qxc5 18. Ne4 Nxe4 19. Qxe4 Qa7 20. Kg2 Rfd8 21. Qc2 Nb6 22. Rfd1 Nd5 23. Qb3 Bc5 24. e4 Ne3+ 25. Bxe3 Bxe3 26. Rxd8+ Rxd8 27. Rd1 Bd4 28. f4 Qc5 29. Rd2 g5 30. Rc2 Qe7 31. e5 gxf4 32. gxf4 g6 33. Qg3 Qb4 34. a3 Qa4 35. Rd2 Bb6 36. Rxd8+ Bxd8 37. Qd3 Be7 38. b4 Bxb4 39. axb4 Qxb4 40. Kf3 Kg7 41. h4 Qe1 42. Qd8 Qh1+ 43. Kf2 Qh2+ 44. Ke3 Qg3+ 45. Bf3 Qe1+ 46. Be2 Qg3+ 47. Ke4 Qg2+ 48. Bf3 Qc2+ 49. Ke3 Qc1+ 50. Qd2 Qg1+ 51. Ke4 Qc5 52. h5 gxh5 53. Bxh5 b4 54. Bd1 a5 55. Bb3 Qg1 56. Qd1 Qg2+ 57. Ke3 Qg3+ 58. Ke4 Qf2 59. Qc2 Qe1+ 60. Kf3 Qf1+ 61. Kg3 Qg1+ 62. Kh3 Qe3+ 63. Kg4 Qg1+ 64. Kf3 Qf1+ 65. Ke3 Qe1+ 66. Kf3 Qf1+ 67. Ke4 Qe1+ 68. Kd4 Qg3 69. Ke4 Qe1+ 70. Kf3 Qf1+ 71. Ke3 Qe1+ 72. Kf3 Qf1+ 73. Kg3 Qg1+ 74. Kf3 Qf1+ 1/2-1/2

[Event "Grandmaster Tournament Rapid"]
[Site "Biel/Bienne, Switzerland"]
[Date "2019.07.21"]
[Round "2.4"]
[White "Georgiadis, Nico"]
[Black "Leko, Peter"]
[Result "1/2-1/2"]
[ECO "E06"]
[WhiteElo "2514"]
[BlackElo "2674"]
[PlyCount "59"]
[EventDate "2019.??.??"]
[EventType "rapid"]
[TimeControl "15+5"]
[WhiteClock "0:02:43"]
[BlackClock "0:05:46"]

1. d4 Nf6 2. c4 e6 3. Nf3 d5 4. g3 Be7 5. Bg2 O-O 6. Nc3 dxc4 7. Ne5 c5 8.
dxc5 Qxd1+ 9. Nxd1 Bxc5 10. Nxc4 Nc6 11. Be3 Bb4+ 12. Bd2 Bxd2+ 13. Nxd2 Bd7 14. Nc3 Rfd8 15. O-O Be8 16. Nc4 Kf8 17. Rfd1 Ke7 18. Nb5 Rxd1+ 19. Rxd1 a6 20. Nc7 Rc8 21. Nxe8 Nxe8 22. Nb6 Rc7 23. f4 Nd8 24. Kf2 Nd6 25. Rd2 Nc8 26. Nxc8+ Rxc8 27. Ke3 f6 28. Be4 h6 29. a3 Rc7 30. Rc2 1/2-1/2

[Event "Grandmaster Tournament Rapid"]
[Site "Biel/Bienne, Switzerland"]
[Date "2019.07.21"]
[Round "3.1"]
[White "Bogner, Sebastian"]
[Black "Georgiadis, Nico"]
[Result "1/2-1/2"]
[ECO "D38"]
[WhiteElo "2584"]
[BlackElo "2514"]
[PlyCount "95"]
[EventDate "2019.??.??"]
[EventType "rapid"]
[TimeControl "15+5"]
[WhiteClock "0:02:08"]
[BlackClock "0:01:51"]

1. d4 Nf6 2. c4 e6 3. Nf3 d5 4. Nc3 Bb4 5. Qa4+ Nc6 6. Bg5 h6 7. Bxf6 Qxf6 8.
e3 O-O 9. Rc1 Qg6 10. Qc2 Qxc2 11. Rxc2 Rd8 12. a3 Bf8 13. Nb5 Rd7 14. cxd5 exd5 15. Bd3 a6 16. Nc3 Rd8 17. Ke2 Ne7 18. Rb1 c6 19. Na4 Bf5 20. Nc5 Ra7 21. Ne5 f6 22. Bxf5 Nxf5 23. Ned3 Re8 24. Kf3 Bxc5 25. Nxc5 h5 26. h3 Nd6 27. g4 hxg4+ 28. hxg4 Kf7 29. Rh1 Raa8 30. b3 a5 31. a4 Re7 32. Nd3 Ne4 33. Kg2 Ree8 34. f3 Nd6 35.
Kf2 Rh8 36. Rcc1 Rxh1 37. Rxh1 Rc8 38. Rc1 Rh8 39. Kg2 Re8 40. Kf2 Rh8 41. Kg3 Re8 42. Re1 g5 43. Kf2 Rh8 44. Kg2 Re8 45.
Kf2 Rh8 46. Kg2 Re8 47. Nc5 Kg6 48. Nd3 1/2-1/2

[Event "Grandmaster Tournament Rapid"]
[Site "Biel/Bienne, Switzerland"]
[Date "2019.07.21"]
[Round "3.3"]
[White "Shankland, Sam"]
[Black "Abdusattorov, Nodirbek"]
[Result "1/2-1/2"]
[ECO "E17"]
[WhiteElo "2713"]
[BlackElo "2598"]
[PlyCount "194"]
[EventDate "2019.??.??"]
[EventType "rapid"]
[TimeControl "15+5"]
[WhiteClock "0:00:30"]
[BlackClock "0:00:19"]

1. d4 Nf6 2. c4 e6 3. Nf3 b6 4. g3 Bb7 5. Bg2 Be7 6. O-O O-O 7. b3 d5 8. cxd5 exd5 9. Nc3 Nbd7 10. Bb2 Re8 11. Rc1 a6 12. e3 Bd6 13. Ne1 Ne4 14. Nd3 Nxc3 15. Rxc3 Qe7 16. b4 Nf6 17. Qb3 a5 18. a3 Ne4 19. Rc2 a4 20.
Qa2 Ba6 21. Rd1 Bc4 22. Rxc4 dxc4 23. Qxc4 Rad8 24. Qc2 c5 25. bxc5 bxc5 26. Qxa4 cxd4 27. Qxd4 Nf6 28. Qa4 Rb8 29. Qa6 Red8 30. a4 Bc5 31. Bxf6 Qxf6 32. Qxf6 gxf6 33. Bc6 Rb3 34. Bb5 Bf8 35. Kf1 Ra3 36. Rd2 f5 37. Ke2 Bg7 38. Rc2 Rc3 39. Ra2 Rb3 40. Nf4 Rb2+ 41. Rxb2 Bxb2 42. a5 Ba3 43. a6 Bc5 44. Bd3 Rd6 45. Ng2 Rb6 46. Nh4 f4 47. gxf4 Rb2+ 48. Kf3 Ra2 49. Nf5 Ra4 50. Ng3 Kg7 51. Ne4 Bb4 52. f5 Ra5 53. Kf4 f6 54. Ng3 Kf7 55.
Ke4 Bd6 56. Ne2 Ke7 57. Nd4 Kd7 58. f4 Bc7 59. Bb5+ Kd6 60.
Bc4 Bb6 61. Nc2 Ra4 62. Kd3 Kc5 63. Bg8 h6 64. Nd4 Rxa6 65.
Ke4 Kd6 66. Nb5+ Ke7 67. Nc3 Kf8 68. Be6 Ra3 69. Nd5 Ba7 70. h4 Kg7 71. Kf3 Bc5 72.
Ke4 Ra1 73. Kf3 Ra3 74. Ke4 h5 75. Kf3 Ba7 76. Bd7 Bc5 77.
Be8 Rd3 78. Ke4 Rd1 79. Bxh5 Rh1 80. Nc7 Rxh4 81. Bg6 Be7 82. Kd5 Rh3 83. e4 Rc3 84. Ne6+ Kg8 85. e5 Ra3 86. Nd4 Kf8 87. Nc6 Rc3 88. Nd4 Ra3 89. Ne6+ Kg8 90. Kc6 Rd3 91. Nc7 Kf8 92. Nd5 Rd4 93. exf6 Ba3 94. f7 Kg7 95. Nb6 Rxf4 96. Nd7 Rxf5 97. Bxf5 Kxf7 1/2-1/2

[Event "Grandmaster Tournament Rapid"]
[Site "Biel/Bienne, Switzerland"]
[Date "2019.07.21"]
[Round "3.4"]
[White "Cori, Jorge"]
[Black "Maghsoodloo, Parham"]
[Result "0-1"]
[ECO "A84"]
[WhiteElo "2686"]
[BlackElo "2656"]
[PlyCount "66"]
[EventDate "2019.??.??"]
[EventType "rapid"]
[TimeControl "15+5"]
[WhiteClock "0:00:07"]
[BlackClock "0:00:26"]

1. d4 f5 2. Nf3 Nf6 3. c4 e6 4. Nc3 c6 5. Bf4 d5 6. e3 Be7 7. Be2 O-O 8. O-O Nh5 9. Be5 Nd7 10. cxd5 exd5 11. Qc2 Nhf6 12. Rab1 a5 13. a3 Ne4 14. h3 Nxe5 15. Nxe5 Bd6 16. f4 Qe7 17. Bd3 Be6 18. Na4 g5 19. Rbe1 Kh8 20. Bxe4 dxe4 21. g3 Rg8 22. Kh2 Rg7 23. Qf2 Rag8 24. Rg1 Bf7 25. Nc3 Bh5 26. g4 fxg4 27. Nxe4 gxf4 28. exf4 Bc7 29. f5 gxh3 30. Ng3 Qf8 31. f6 Rg5 32. Qf4 Bf7 33. Ref1 Bc4 0-1

[Event "Grandmaster Tournament Rapid"]
[Site "Biel/Bienne, Switzerland"]
[Date "2019.07.21"]
[Round "4.1"]
[White "Cori, Jorge"]
[Black "Bogner, Sebastian"]
[Result "1-0"]
[ECO "D15"]
[WhiteElo "2686"]
[BlackElo "2584"]
[PlyCount "53"]
[EventDate "2019.??.??"]
[EventType "rapid"]
[TimeControl "15+5"]
[WhiteClock "0:00:54"]
[BlackClock "0:00:56"]

1. d4 d5 2. Nf3 Nf6 3. c4 c6 4. e3 Bf5 5. Nc3 a6 6. Be2 h6 7. Qb3 Ra7 8. cxd5 cxd5 9. Ne5 e6 10. Bd2 Nbd7 11. O-O Bd6 12. Nxd7 Nxd7 13. Nxd5 exd5 14. Qxd5 Qf6 15. e4 Bg6 16. e5 Nxe5 17. dxe5 Qxe5 18. Qxe5+ Bxe5 19. Bb4 Kd7 20. Rac1 Rd8 21.
Rfd1+ Ke8 22. Re1 f6 23. Bf1 b6 24. f4 Rd4 25. Rc4 Rad7 26.
fxe5 Rxc4 27. Bxc4 1-0

[Event "Grandmaster Tournament Rapid"]
[Site "Biel/Bienne, Switzerland"]
[Date "2019.07.21"]
[Round "4.2"]
[White "Maghsoodloo, Parham"]
[Black "Shankland, Sam"]
[Result "0-1"]
[ECO "B80"]
[WhiteElo "2656"]
[BlackElo "2713"]
[PlyCount "136"]
[EventDate "2019.??.??"]
[EventType "rapid"]
[TimeControl "15+5"]
[WhiteClock "0:00:14"]
[BlackClock "0:00:36"]

1. e4 c5 2. Nf3 e6 3. d4 cxd4 4. Nxd4 Nc6 5. Nc3 Qc7 6. g3 a6 7. Bg2 Nf6 8. O-O d6 9. Re1 Nd7 10. a4 Be7 11. Nde2 O-O 12.
b3 Rb8 13. Bb2 b5 14. axb5 axb5 15. Nf4 b4 16. Na4 Bf6 17. Qd2 Bxb2 18. Nxb2 Nf6 19. Nfd3 e5 20. Ra4 Be6 21. f4 exf4 22. gxf4 Rfe8 23. Nf2 Rbd8 24. Nbd3 d5 25. f5 Nxe4 26. Nxe4 dxe4 27. fxe6 exd3 28. exf7+ Qxf7 29. Rxe8+ Qxe8 30. cxd3 Qe5 31. Kh1 Qc5 32. h3 h6 33. Qe1 Ne5 34. Rxb4 Nxd3 35. Qe6+ Kh8 36. Rc4 Qf2 37. Qe7 Rf8 38. Rd4 Qxd4 39. Qxf8+ Kh7 40. Qf5+ Kh8 41. Bd5 Ne5 42. Qc8+ Kh7 43. Qc2+ Kh8 44. Be4 Kg8 45. Kg2 Kf7 46. Qe2 g6 47. Qc2 h5 48. Qe2 Kg7 49. Bc2 h4 50. b4 Qf4 51. Kh1 Qg3 52.
Qh2 Qe3 53. Qg2 Qc1+ 54. Kh2 Qf4+ 55. Kh1 Qxb4 56. Qe2 Qf4 57. Qg2 Qe3 58. Be4 Kh6 59. Kh2 g5 60. Kh1 Qf4 61. Qe2 Qg3 62.
Bg2 Qc3 63. Qf1 Ng6 64. Qd1 Qf6 65. Be4 Nf4 66. Kh2 Qe5 67.
Qf3 Nd3+ 68. Kh1 Qxe4 0-1

[Event "Grandmaster Tournament Rapid"]
[Site "Biel/Bienne, Switzerland"]
[Date "2019.07.21"]
[Round "4.4"]
[White "Vidit, Santosh"]
[Black "Georgiadis, Nico"]
[Result "1-0"]
[ECO "E16"]
[WhiteElo "2703"]
[BlackElo "2514"]
[PlyCount "105"]
[EventDate "2019.??.??"]
[EventType "rapid"]
[TimeControl "15+5"]
[WhiteClock "0:00:24"]
[BlackClock "0:00:21"]

1. d4 Nf6 2. c4 e6 3. g3 d5 4. Bg2 Bb4+ 5. Nd2 O-O 6. Ngf3 b6 7. O-O Bb7 8. Ne5 Be7 9. Qc2 c5 10. dxc5 Qc7 11. Ndf3 bxc5 12. cxd5 exd5 13. Bf4 Qb6 14. Bg5 Rd8 15. Rac1 Na6 16. Ng4 Nb4 17. Qb1 Rac8 18. a3 Na6 19. Qf5 Qe6 20. Qxe6 fxe6 21. Nge5 d4 22. Nc4 Bd5 23. Nfe5 Nb8 24. e4 Bb7 25. Bh3 Bxe4 26. Bxe6+ Kf8 27. Bxc8 Rxc8 28. Rfe1 Bd5 29. Nd3 Nbd7 30. Nf4 Bxc4 31. Rxc4 Nb6 32. Rc2 Kf7 33. b3 a5 34. a4 h6 35. Bxf6 Bxf6 36. Kg2 c4 37. bxc4 Nxa4 38. Nd3 Nc3 39. c5 a4 40. Ra1 Ke6 41. Rb2 Kd5 42. Rb7 Ra8 43. Rb4 a3 44. Kf1 Ke4 45. Nc1 Kd5 46. Nd3 Ke4 47. Nf4 a2 48. c6 Rc8 49. Ne2 Kd3 50. Nc1+ Kd2 51. Nxa2 Ra8 52. Rb2+ Kd3 53. Nb4+ 1-0

[Event "Grandmaster Tournament Rapid"]
[Site "Biel/Bienne, Switzerland"]
[Date "2019.07.21"]
[Round "5.1"]
[White "Bogner, Sebastian"]
[Black "Vidit, Santosh"]
[Result "0-1"]
[ECO "A80"]
[WhiteElo "2584"]
[BlackElo "2703"]
[PlyCount "78"]
[EventDate "2019.??.??"]
[EventType "rapid"]
[TimeControl "15+5"]
[WhiteClock "0:01:24"]
[BlackClock "0:00:22"]

1. d4 f5 2. Nf3 Nf6 3. e3 g6 4. Be2 Bg7 5. O-O O-O 6. b4 d6 7. Bb2 Qe8 8. Nbd2 Nbd7 9. c4 e5 10. dxe5 Nxe5 11. Qb3 Kh8 12. Nxe5 dxe5 13. c5 e4 14. Rfd1 a5 15. b5 a4 16. Qb4 Be6 17. Nc4 Qe7 18. a3 Nd5 19. Bxg7+ Qxg7 20. Qd2 Nc3 21. Rdc1 Nxe2+ 22. Qxe2 Rfd8 23. b6 Rd3 24. Qc2 cxb6 25. Nxb6 Bb3 26. Qe2 Rad8 27. h3 Qf6 28. Qe1 Qe6 29. Qb4 f4 30. exf4 e3 31. fxe3 Qxe3+ 32. Kh1 R8d4 33. Qa5 Qxf4 34. Qa8+ Rd8 35. Qxb7 Bd1 36. Nc4 Rxh3+ 37. gxh3 Bf3+ 38. Qxf3 Qxf3+ 39. Kg1 Qg3+ 0-1

[Event "Grandmaster Tournament Rapid"]
[Site "Biel/Bienne, Switzerland"]
[Date "2019.07.21"]
[Round "5.2"]
[White "Georgiadis, Nico"]
[Black "Abdusattorov, Nodirbek"]
[Result "0-1"]
[ECO "E18"]
[WhiteElo "2514"]
[BlackElo "2598"]
[PlyCount "78"]
[EventDate "2019.??.??"]
[EventType "rapid"]
[TimeControl "15+5"]
[WhiteClock "0:00:20"]
[BlackClock "0:02:49"]

1. d4 Nf6 2. c4 e6 3. Nf3 b6 4. g3 Bb7 5. Bg2 Be7 6. O-O O-O 7. Nc3 Ne4 8.
Bd2 Bf6 9. Rc1 Nxd2 10. Qxd2 d6 11. e4 Nd7 12. h4 g6 13.
Rfe1 Bg7 14. d5 e5 15. b4 a5 16. a3 Ba6 17. Nb5 Nf6 18. Bh3 Qe7 19. Kg2 h5 20. Rc2 Ng4 21. Ng5 Bh6 22. Qe2 axb4 23. axb4 Bc8 24. f3 Nf6 25. Bxc8 Rfxc8 26. c5 bxc5 27. bxc5 dxc5 28. Rd1 Ne8 29. f4 Nd6 30. Rxc5 exf4 31. gxf4 Nf5 32. d6 cxd6 33. Rxf5 gxf5 34. Nxd6 Rc6 35. Nxf5 Qb4 36. Qxh5 Bxg5 37. hxg5 Qxe4+ 38.
Qf3 Qxf5 39. Qxc6 Qg4+ 0-1

[Event "Grandmaster Tournament Rapid"]
[Site "Biel/Bienne, Switzerland"]
[Date "2019.07.21"]
[Round "5.3"]
[White "Leko, Peter"]
[Black "Maghsoodloo, Parham"]
[Result "1/2-1/2"]
[ECO "A90"]
[WhiteElo "2674"]
[BlackElo "2656"]
[PlyCount "78"]
[EventDate "2019.??.??"]
[EventType "rapid"]
[TimeControl "15+5"]
[WhiteClock "0:00:28"]
[BlackClock "0:00:27"]

1. d4 f5 2. c4 Nf6 3. g3 e6 4. Bg2 c6 5. Nd2 d5 6. Nh3 Bd6 7. Qc2 O-O 8. O-O Qe7 9. Nf3 Ne4 10. Bf4 Nd7 11. Rac1 b6 12. Bxd6 Nxd6 13. cxd5 cxd5 14. Nf4 Bb7 15. Qa4 Rfc8 16. Qa3 Kf7 17. Nd3 Kf8 18. Nfe5 Nxe5 19. Nxe5 Rxc1 20. Rxc1 Rc8 21. Rxc8+ Nxc8 22. Qc3 Nd6 23. e3 Ba6 24. Bf1 Bxf1 25. Kxf1 Qb7 26. Kg2 Ke8 27. h3 a5 28. g4 g6 29. b3 Qc8 30. Qxc8+ Nxc8 31. a4 Nd6 32. f3 g5 33. Kg3 h6 34. Kf2 Ke7 35.
Ke2 Ne8 36. Kd3 Nf6 37. Nc6+ Kd6 38. Ne5 Ke7 39. Nc6+ Kd6 1/2-1/2

[Event "Grandmaster Tournament Rapid"]
[Site "Biel/Bienne, Switzerland"]
[Date "2019.07.21"]
[Round "5.4"]
[White "Shankland, Sam"]
[Black "Cori, Jorge"]
[Result "1/2-1/2"]
[ECO "E11"]
[WhiteElo "2713"]
[BlackElo "2686"]
[PlyCount "79"]
[EventDate "2019.??.??"]
[EventType "rapid"]
[TimeControl "15+5"]
[WhiteClock "0:02:07"]
[BlackClock "0:00:24"]

1. d4 Nf6 2. c4 e6 3. Nf3 Bb4+ 4. Bd2 Qe7 5. e3 O-O 6. Bd3 Bxd2+ 7. Qxd2 d6 8. Qc3 Re8 9. Nbd2 e5 10. e4 exd4 11. Nxd4 d5 12. O-O c5 13. cxd5 cxd4 14. Qxd4 Rd8 15. Qc3 Nbd7 16. Rfe1 Ne5 17. Be2 Bd7 18. Qd4 a6 19. f4 Ng6 20. d6 Qe6 21. e5 Bc6 22. h3 Nh4 23.
Bf1 Nd5 24. Qf2 Qh6 25. g3 Nf5 26. Kh2 Nxd6 27. exd6 Qxd6 28. Nc4 Qf8 29. Ne5 Rac8 30. Bc4 Be8 31. Rad1 Nf6 32. a3 Rxd1 33. Rxd1 Qe7 34. Qd4 Kf8 35. Bb3 Qc5 36. Qd6+ Qxd6 37. Rxd6 Ke7 38. Rb6 Rc7 39. Rb4 b5 40. Rd4 1/2-1/2

[Event "Grandmaster Tournament Rapid"]
[Site "Biel/Bienne, Switzerland"]
[Date "2019.07.21"]
[Round "6.1"]
[White "Shankland, Sam"]
[Black "Bogner, Sebastian"]
[Result "1/2-1/2"]
[ECO "D15"]
[WhiteElo "2713"]
[BlackElo "2584"]
[PlyCount "63"]
[EventDate "2019.??.??"]
[EventType "rapid"]
[TimeControl "15+5"]
[WhiteClock "0:09:08"]
[BlackClock "0:04:09"]

1. d4 d5 2. c4 c6 3. Nf3 Nf6 4. Nc3 a6 5. e3 Bf5 6. Ne5 Nbd7 7. Qb3 Qc7 8.
cxd5 Nxe5 9. dxe5 Nxd5 10. Nxd5 cxd5 11. Bd2 Qxe5 12. Rc1 Bd7 13. Qb6 Qd6 14. Qxb7 Rb8 15. Qa7 Rxb2 16. Bxa6 f6 17. a4 Bxa4 18. Bc3 Rb3 19. Ba5 Bb5 20. Bxb5+ Rxb5 21. O-O Kf7 22. Bc7 Qd7 23. Qa4 Qe8 24. Bg3 Rb7 25. Qd4 Qd7 26. Rfd1 e6 27. e4 Be7 28. exd5 Qxd5 29. Qxd5 exd5 30. Rxd5 Rd8 31. Rxd8 Bxd8 32. h3 1/2-1/2

[Event "Grandmaster Tournament Rapid"]
[Site "Biel/Bienne, Switzerland"]
[Date "2019.07.21"]
[Round "6.3"]
[White "Maghsoodloo, Parham"]
[Black "Georgiadis, Nico"]
[Result "0-1"]
[ECO "A13"]
[WhiteElo "2656"]
[BlackElo "2514"]
[PlyCount "112"]
[EventDate "2019.??.??"]
[EventType "rapid"]
[TimeControl "15+5"]
[WhiteClock "0:00:23"]
[BlackClock "0:00:27"]

1. Nf3 d5 2. c4 e6 3. g3 Nf6 4. Bg2 dxc4 5. Qa4+ Nbd7 6. Qxc4 c5 7. O-O b6 8. Rd1 Bb7 9. b3 Be7 10. Bb2 O-O 11. d3 a6 12. Nbd2 b5 13.
Qc2 Qb6 14. e4 Rac8 15. h3 Rfd8 16. Rac1 h6 17. a3 Nb8 18. Ne5 Nbd7 19. Ndf3 Nxe5 20. Nxe5 Nd7 21. h4 Nxe5 22. Bxe5 Rd7 23. Qe2 Rcd8 24. Bb2 Bf8 25. Qe3 b4 26. axb4 Qxb4 27. Rb1 a5 28. Bf3 Ba6 29. Be2 Rb8 30. Be5 Bd6 31. Bb2 Bf8 32. Rdc1 Rbd8 33. Bc3 Qb6 34. Rd1 Rb8 35. Qc1 Qd8 36. Qd2 a4 37. Ba5 Qe8 38. bxa4 Rxb1 39. Rxb1 Bxd3 40. Bxd3 c4 41. Qf4 e5 42. Qc1 cxd3 43. Bd2 Qa8 44. a5 Kh7 45. Qc4 Qa7 46. Rb6 Rc7 47. Rc6 Rxc6 48. Qxc6 Bc5 49. Kg2 Bxf2 50. Qd5 Bg1 51. Kh3 Qf2 52. h5 Qxd2 53. Qxf7 Qh2+ 54. Kg4 Qe2+ 55. Kf5 Qf3+ 56. Ke6 Qxf7+ 0-1